Map: Amphion LE

Players

ThePlague

  • Race: Protoss Protoss
  • League: Platinum
  • Spawn Location: 11:00

ita - Winner!

  • Race: Terran Terran
  • League: Diamond
  • Spawn Location: 7:00

VOD

Have the link to the VOD?

Description

i cannon rushed and lost to nukes

Time

  • Played on: April 8, 2024, 2:14 p.m.
  • Length: 8:43
Show
View Real Time Build Order
Export as new Build Order

ThePlague Protoss 

Build Orders:  

Get SALT Encoding   

  12  0:00  Probe  
  13  0:12  Probe  
  14  0:24  Pylon  
  14  0:28  Probe  
  15  0:42  Probe  
  16  0:44  Forge  
  16  0:54  Probe (Chrono Boost)  
  18  1:04  Pylon, Probe (Chrono Boost)  
  19  1:18  Probe  
  19  1:25  Photon Cannon  
  19  1:27  Photon Cannon  
  19  1:34  Gateway  
  19  1:41  Assimilator  
  19  2:02  Probe  
  20  2:11  Pylon  
  20  2:14  Probe  
  21  2:18  Pylon  
  21  2:24  Zealot  
  23  2:32  Photon Cannon  
  23  2:44  Probe (Chrono Boost)  
  22  2:46  Assimilator  
  22  2:52  Zealot, Pylon  
  22  2:56  Probe (Chrono Boost)  
  25  3:04  Probe (Chrono Boost)  
  26  3:15  Cybernetics Core  
  26  3:19  Zealot  
  28  3:37  Probe  
  27  3:46  Zealot  
  27  3:49  Photon Cannon, Probe  
  28  3:56  Photon Cannon  
  28  3:57  Shield Battery  
  26  4:12  Shield Battery  
  26  4:13  Pylon, Stalker  
  28  4:31  Photon Cannon  
  28  4:33  Probe  
  28  4:38  Pylon  
  29  4:43  Stalker  
  31  4:48  Robotics Facility  
  29  5:12  Photon Cannon  
  29  5:13  Stalker  
  29  5:14  Shield Battery  
  29  5:19  Probe (Chrono Boost)  
  31  5:29  Probe (Chrono Boost)  
  31  5:31  Pylon  
  31  5:33  Observer, Shield Battery  
  29  5:41  Pylon  
  30  5:45  Photon Cannon  
  30  5:56  Stargate  
  30  6:14  Nexus  
  28  6:37  Pylon  
  27  6:41  Probe  
  27  6:44  Robotics Facility  
  27  6:48  Shield Battery  
  27  6:51  Photon Cannon  
  27  6:54  Warp Gate (Chrono Boost)  
  27  6:55  Gateway  
  27  7:00  Probe  
  28  7:12  Probe  
  29  7:27  Stargate  
  29  7:28  Observer  
  29  7:29  Pylon  
  30  7:42  Stalker  
  32  7:51  Gateway  
  32  7:53  Photon Cannon  
  32  7:57  Pylon  
  31  8:12  Stalker  
Show
View Real Time Build Order
Export as new Build Order

ita Terran - Winner!

Build Orders:  

Get SALT Encoding   

  12  0:02  SCV  
  14  0:14  SCV  
  14  0:18  Supply Depot  
  14  0:26  SCV  
  15  0:39  SCV  
  15  0:40  Barracks  
  16  0:51  SCV  
  16  0:56  Supply Depot  
  17  1:04  SCV  
  18  1:16  SCV  
  18  1:17  Barracks  
  19  1:26  Barracks  
  19  1:28  SCV  
  20  1:39  Bunker  
  20  1:40  Marine  
  20  1:45  Refinery  
  21  1:47  SCV, Refinery  
  21  1:59  SCV  
  21  2:04  Marine  
  21  2:11  SCV  
  22  2:21  Marine  
  22  2:50  Factory  
  22  2:52  Ghost Academy  
  22  2:55  Barracks Tech Lab  
  22  3:10  Supply Depot  
  22  3:11  Supply Depot  
  22  3:32  Marine  
  22  3:33  Ghost  
  20  3:41  Orbital Command  
  20  3:44  Nuke  
  19  3:51  Marine  
  20  4:01  Factory Tech Lab  
  20  4:02  Marine  
  21  4:09  Marine  
  22  4:20  Siege Tank, Marine  
  26  4:27  Marine  
  27  4:38  Marine  
  27  4:44  Marine  
  25  5:13  SCV  
  25  5:14  Refinery  
  26  5:26  SCV  
  27  5:34  Nuke  
  26  5:38  SCV  
  27  5:50  SCV  
  27  5:52  Marine  
  27  5:53  Marine  
  30  5:57  Starport  
  30  6:02  SCV  
  31  6:05  Command Center  
  31  6:17  Supply Depot  
  31  6:34  Starport Reactor  
  31  6:37  Nuke  
  31  6:38  SCV, Marine x2  
  34  6:41  Supply Depot  
  34  6:50  SCV  
  35  6:56  Marine x2  
  37  7:02  SCV  
  38  7:10  Medivac  
  38  7:14  Marine  
  38  7:15  SCV  
  42  7:19  Medivac  
  44  7:36  Supply Depot x2  
  44  7:54  Medivac  
  46  8:23  Marine  
  46  8:24  Marine  
Tags
 
Add a new tag
Caveats
  • Supply blocks, unpowered buildings, or Contaminate may cause inaccurate times.
  • Supply counts are checked every 10 seconds.